 Dungeon Crawl Stone Soup version 0.31-a0-200-gbc41564c69 (webtiles) character file.

Game seed: 3857926653934966803

74 qw the Shooter (level 4, 0/25 HPs)
             Began as a Deep Elf Hunter on June 25, 2023.
             Slain by Grinder (5 damage)
             ... on level 3 of the Dungeon.
             The game lasted 00:00:40 (1337 turns).

qw the Shooter (Deep Elf Hunter)                    Turns: 1337, Time: 00:00:41

Health: 0/25       AC:  7    Str: 10    XL:     4   Next: 10%
Magic:  6/6        EV: 11    Int: 14    God:
Gold:   153        SH:  0    Dex: 18    Spells: 3/3 levels left

rFire   . . .        Y - +0 shortbow
rCold   . . .        (shield currently unavailable)
rNeg    . . .        e - +0 ring mail
rPois   .            (no helmet)
rElec   .            (no cloak)
rCorr   .            (no gloves)
SInv    +            c - +1 pair of boots
Will    .....        (no amulet)
Stlth   +            b - ring of see invisible
HPRegen 0.24/turn    (no ring)
MPRegen 0.10/turn

%: no passive effects
@: no status effects
A: no striking features
a: no special abilities


You were on level 3 of the Dungeon.
You visited 1 branch of the dungeon, and saw 3 of its levels.

You collected 153 gold pieces.


   Skills:
 - Level 1.5 Fighting
 + Level 7.5 Ranged Weapons
 - Level 2.4 Dodging
 - Level 1.2 Stealth


You had 3 spell levels left.
You didn't know any spells.
Your spell library was empty.

Inventory:

Hand Weapons
 Y - a +0 shortbow (weapon)
Armour
 c - a +1 pair of boots (worn)
 e - a +0 ring mail (worn)
Jewellery
 b - a ring of see invisible (left hand)
Scrolls
 a - 3 scrolls of identify
 d - a scroll of noise {unknown}
Potions
 f - a potion of haste
 g - a potion of might
 h - a potion of degeneration {unknown}

Dungeon Overview and Level Annotations

Branches:
Dungeon (3/15)

Altars:

Annotations:
D:3 Grinder


Message History

Grinder is nearby!
You shoot an arrow. The arrow closely misses Grinder.
Grinder blinks!
Grinder gestures at you. You resist with significant effort.
You shoot an arrow.
The arrow hits Grinder but does no damage.
You shoot an arrow. The arrow hits Grinder.
Grinder is lightly wounded.
You shoot an arrow.
The arrow hits Grinder but does no damage.
Grinder is lightly wounded.
You shoot an arrow. The arrow hits Grinder.
Grinder is moderately wounded.
Grinder gestures at you. You resist with significant effort.
You shoot an arrow.
The arrow hits Grinder but does no damage.
Grinder is moderately wounded.
Grinder barely misses you.
You shoot an arrow.
The arrow hits Grinder but does no damage.
Grinder is moderately wounded.
Grinder hits you!
You writhe in agony.
You shoot an arrow. The arrow completely misses Grinder.
Grinder closely misses you.
You shoot an arrow. The arrow closely misses Grinder.
Grinder misses you.
You shoot an arrow. The arrow closely misses Grinder.
Grinder gestures at you. You resist with significant effort.
You shoot an arrow.
The arrow hits Grinder but does no damage.
Grinder is moderately wounded.
Grinder gestures at you.
You barely resist. You shoot an arrow. The arrow hits Grinder.
Grinder is moderately wounded.
Grinder hits you but does no damage. Grinder hits you!
You writhe in agony.
You die...

#.# ##.#
# #..
~..# #
#.# ..#
# #:#
..# #
#.# #.#
# #%#
#5# #
#.# #@#
# #.#
#.#
###.#
#.#
....####
#.#
.:.....#
#.#
.#####.#
#.# ##
#.# #.#
# #.#
#.# #
#.# #%#


You could see Grinder.

Vanquished Creatures
  An adder (D:3)
  2 dart slugs (D:1)
  3 orcs (D:3)
  2 ball pythons (D:1)
  10 bats
  3 endoplasms
  3 giant cockroaches
  4 goblins
  7 jackals
  5 kobolds
  2 quokkas (D:1)
  3 frilled lizards
  7 rats
52 creatures vanquished.

Notes
Turn   | Place    | Note
-------+----------+-------------------------------------------
     0 | D:1      | qw the Deep Elf Hunter began the quest for the Orb.
     0 | D:1      | Reached XP level 1. HP: 12/12 MP: 3/3
     0 | D:1      | 0 ||| qw: Version: 0.3-a-22-g0ed2b0b
     0 | D:1      | 0 ||| qw: Game counter: 5537
     0 | D:1      | 0 ||| qw: Melee chars always use a shield: true
     0 | D:1      | 0 ||| qw: God list: Okawaru
     0 | D:1      | 0 ||| qw: Allow faded altars: false
     0 | D:1      | 0 ||| qw: Do Orc after clearing Dungeon:15 true
     0 | D:1      | 0 ||| qw: Do second Lair branch before Depths: true
     0 | D:1      | 0 ||| qw: Lair rune preference: random
     0 | D:1      | 0 ||| qw: Goals: Normal
     0 | D:1      | 0 ||| PLANNING D:1-11
   113 | D:1      | Reached XP level 2. HP: 12/16 MP: 4/4
   114 | D:1      | Reached skill level 6 in Ranged Weapons
   417 | D:1      | Reached XP level 3. HP: 18/20 MP: 5/5
   641 | D:1      | 641 ||| UPGRADING to +0 ring mail.
   651 | D:1      | 651 ||| DROPPING +0 leather armour.
   652 | D:1      | 652 ||| READING 2 scrolls labelled DUIREO GUR TUOCH.
   653 | D:1      | 653 ||| READING scroll labelled SIBOON METOTY.
   654 | D:1      | 654 ||| DRINKING 3 glowing puce potions.
   655 | D:1      | 655 ||| DROPPING scroll of butterflies.
   656 | D:1      | 656 ||| DROPPING 2 potions of brilliance.
   777 | D:2      | Reached skill level 7 in Ranged Weapons
   870 | D:2      | Identified the +4 whip "Xuynnienn" {venom, *Slow rElec
                  | Int+5}
  1174 | D:2      | 1174 ||| UPGRADING to +1 pair of boots.
  1179 | D:2      | 1179 ||| UPGRADING to ring of see invisible.
  1180 | D:2      | 1180 ||| READING scroll labelled GAATZA RAEJ.
  1181 | D:2      | 1181 ||| READING 3 scrolls labelled ETAFAE KERENU.
  1182 | D:2      | 1182 ||| DRINKING 2 fuming black potions.
  1183 | D:2      | 1183 ||| READING 5 scrolls of identify.
  1183 | D:2      | 1183 ||| IDENTIFYING lumpy orange potion
  1184 | D:2      | 1184 ||| READING 4 scrolls of identify.
  1184 | D:2      | 1184 ||| IDENTIFYING sapphire potion
  1185 | D:2      | 1185 ||| DROPPING potion of attraction.
  1186 | D:2      | 1186 ||| DROPPING 2 scrolls of blinking.
  1187 | D:2      | 1187 ||| DROPPING potion of magic.
  1309 | D:3      | Reached XP level 4. HP: 25/25 MP: 6/6
  1319 | D:3      | Noticed Grinder
  1337 | D:3      | HP: 5/25 [Grinder (9)]
  1337 | D:3      | Slain by Grinder

Levels and vault maps discovered:
D:1:      wander_arrival_fairy_ring, layout_basic
D:2:      layout_rooms
D:3:      layout_loops_ring, dreamdust_ecumenical_altar_drowned_temple,
          serial_shops, nicolae_shop_behind_doors,
          chequers_serial_rivers_micro_b, uniq_grinder, uniq_terence

Skill      XL: |  1  2  3 |
---------------+----------+-----
Ranged Weapons | 6 7 |  7.5
Fighting       | |  1.5
Dodging        | |  2.4
Stealth        | |  1.2

Action                     |  1- 3 |  4- 6 || total
---------------------------+-------+-------++-------
   Fire: Shortbow          |   131 |    16 ||   147
    Use: Scroll            |     6 |       ||     6
         Potion            |     2 |       ||     2
 Armour: Leather armour    |     5 |       ||     5
         Ring mail         |    14 |     1 ||    15
  Dodge: Dodged            |    31 |     3 ||    34

Table legend:
 A = Non-vault XP
 B = Vault XP
 C = Vault XP percentage of total XP
 D = Non-vault monster count
 E = Vault monster count
 F = Vault count percentage of total count
                 A         B        C        D         E       F
            +---------+---------+-------+---------+---------+-------
      Total |     107 |       0 |   0.0 |      52 |       0 |   0.0
            +---------+---------+-------+---------+---------+-------
        D:1 |      49 |       0 |   0.0 |      26 |       0 |   0.0
        D:2 |      33 |       0 |   0.0 |      20 |       0 |   0.0
        D:3 |      25 |       0 |   0.0 |       6 |       0 |   0.0
            +---------+---------+-------+---------+---------+-------
